 Dungeon Crawl Stone Soup version 0.25-a0-167-g836c352ace (webtiles) character file.

Game seed: 6827127251567132188, levelgen mode: deterministic

1153 MisterFreud the Nimble (level 8, -1/36 HPs)
             Began as a Felid Wanderer on Nov 25, 2019.
             Was a Follower of Uskayaw.
             Slain by a wyvern (17 damage)
             ... on level 8 of the Dungeon.
             The game lasted 00:25:35 (14520 turns).

MisterFreud the Nimble (Felid Wanderer)            Turns: 14520, Time: 00:25:35

Health: -1/36      AC:  2    Str:  8    XL:     8   Next: 16%
Magic:  13/13      EV: 27    Int: 17    God:    Uskayaw [*.....]
Gold:   517        SH:  0    Dex: 14    Spells: 6/13 levels left
                                        Lives:  0   Deaths: 2

rFire    . . .     SeeInvis +     - Unarmed
rCold    . . .     Gourm    .   (shield unavailable)
rNeg     . . .     Faith    .   (armour unavailable)
rPois    .         Spirit   .   (helmet unavailable)
rElec    .         Reflect  .   (cloak unavailable)
rCorr    .         Harm     .   (gloves unavailable)
MR       +....                  (boots unavailable)
Stlth    +++.......             g - amulet of regeneration
HPRegen  0.52/turn              y - ring of stealth
MPRegen  0.13/turn              w - +3 ring of evasion

@: drained, quick
A: very small, no armour, no weapons or thrown items, stealth, claws 1, fangs 3,
see invisible, carnivore, speed 1, shaggy fur 2, slow metabolism 1, sharp paws
a: Stomp, Renounce Religion


You were on level 8 of the Dungeon.
You worshipped Uskayaw.
Uskayaw was noncommittal.
You were full.

You visited 2 branches of the dungeon, and saw 10 of its levels.
You also visited: Sewer.

You collected 517 gold pieces.

Inventory:

Missiles
 d - 364 stones
 m - 97 arrows
Jewellery
 e - an uncursed ring of protection from fire
 g - an amulet of regeneration (around neck)
 q - an uncursed ring of resist corrosion
 s - an uncursed ring of magical power
 w - a +3 ring of evasion (right paw)
 y - a ring of stealth (left paw)
Wands
 o - a wand of flame (19)
 B - a wand of disintegration (8)
Scrolls
 i - 7 scrolls of teleportation
 j - 3 scrolls of remove curse
 v - a scroll of magic mapping
Potions
 a - 3 potions of heal wounds
 b - 2 potions of curing
 f - 3 potions of flight
 h - 3 potions of invisibility
 k - a potion of agility
 l - 3 potions of brilliance
 n - a potion of degeneration
 p - a potion of cancellation
 r - 2 potions of resistance
 t - 3 potions of haste
 u - a potion of ambrosia
 x - a potion of mutation
 z - a potion of lignification
Miscellaneous
 A - a lamp of fire
Comestibles
 c - 10 rations


   Skills:
 - Level 4.0(3.3) Fighting
 - Level 10.0(9.2) Dodging
 - Level 3.0(2.3) Stealth
 - Level 3.0(2.4) Unarmed Combat
 - Level 3.0(2.3) Spellcasting
 - Level 5.8(5.1) Translocations
 + Level 4.9(4.2) Transmutations
 + Level 6.2(5.5) Invocations


You had 6 spell levels left.
You knew the following spells:

 Your Spells              Type           Power        Failure   Level  Hunger
a - Apportation           Tloc           ###...       2%          1    #......
b - Lesser Beckoning      Tloc           ###.......   7%          3    ###....
c - Spider Form           Tmut/Pois      #.........   24%         3    ###....

Your spell library contained the following spells:

 Spells                   Type           Power        Failure   Level  Hunger
 Beastly Appendage        Tmut           ###...       3%          1    #......
 Sticks to Snakes         Tmut           ###.....     4%          2    ###....
 Corona                   Hex            #......      19%         1    #......
 Ensorcelled Hibernation  Hex/Ice        #.....       28%         2    ###....
 Confuse                  Hex            #.......     50%         3    ###....
 Dazzling Spray           Conj/Hex       #.....       50%         3    ###....
 Tukima's Dance           Hex            #.......     50%         3    ###....
 Ice Form                 Ice/Tmut       #.......     61%         4    #####..
 Blade Hands              Tmut           ###.......   65%         5    ######.


Dungeon Overview and Level Annotations

Branches:
Dungeon (9/15)             Temple (1/1) D:5           Sewer (visited)
   Lair: D:8-11         Orc: D:9-12

Altars:
Ashenzari
Cheibriados
Dithmenos
Elyvilon
Fedhas
Gozag
Hepliaklqana
Kikubaaqudgha
Makhleb
Nemelex Xobeh
Okawaru
Qazlal
Ru
Sif Muna
Trog
Uskayaw
Vehumet
Wu Jian
Xom
Yredelemnul
Zin
The Shining One


Innate Abilities, Weirdness & Mutations

You cannot wear armour.
You are incapable of wielding weapons or throwing items.
Your paws allow you to move quietly. (Stealth)
You have sharp claws.
You have razor-sharp teeth.
You have supernaturally acute eyesight. (SInv)
You are carnivorous and can eat meat at any time.
You cover ground quickly.
You are covered in thick fur. (AC +2)
You have a slow metabolism.
Your sharp claws are effective at attacking unaware monsters.


Message History

The wyvern bites you.
You scratch the wyvern but do no damage.
The wyvern is moderately wounded.
The wyvern completely misses you. The wyvern misses you.
You scratch the wyvern. Your bite misses the wyvern.
The wyvern is moderately wounded.
The wyvern completely misses you.
You scratch the wyvern.
The wyvern is heavily wounded.
The wyvern closely misses you. The wyvern completely misses you.
You barely miss the wyvern.
The wyvern is heavily wounded.
The wyvern barely misses you.
You closely miss the wyvern.
The wyvern is heavily wounded.
The wyvern completely misses you. The wyvern closely misses you.
You scratch the wyvern but do no damage.
The wyvern is heavily wounded.
The wyvern bites you!
You die...

#......÷###.#.#.#
##.#.##
#.#####.......#.#
#.....# #.# #.###.###.#
#..#..# . #.# #.....#
#.# #.....# . #.#
#.###.# #÷# #...#.# #
#.#####.#
#.###.###.....#
#.......#
#........#..###
####.#########.l.#.#..#
#............@.....#
##########.#..<.##.#
#.###..##.# ##...#.##.#
####.##.#########
#....<.......#
#.##.#######.### #....#
#.... #.#### #####


You could see a wyvern.

Vanquished Creatures
  Edmund (D:4)
  An ice beast (D:6)
  A black bear (D:6)
  2 sky beasts
  An ogre (D:5)
  2 centaurs
  3 bullfrogs
  Blork the orc (D:6)
  A wyvern zombie (D:8)
  A water moccasin zombie (D:8)
  4 scorpions
  5 wights (D:8)
  3 crimson imps
  Crazy Yiuf (D:7)
  4 hounds
  2 bullfrog skeletons
  A centaur skeleton (D:7)
  2 iguanas
  7 worker ants
  An orc wizard (D:7)
  2 hound skeletons
  A worker ant zombie (D:8)
  A river rat (D:3)
  8 adders
  8 oozes
  An adder skeleton (D:8)
  2 worms (Sewer)
  5 leopard geckos
  15 orcs
  4 ball pythons
  15 bats
  6 giant cockroaches
  11 goblins
  10 hobgoblins
  14 jackals
  7 kobolds
  3 quokkas
  11 frilled lizards
  A leopard gecko skeleton (D:4)
  A quokka zombie (D:8)
  4 rats
174 creatures vanquished.

Notes
Turn   | Place    | Note
-------+----------+-------------------------------------------
     0 | D:1      | MisterFreud the Felid Wanderer began the quest for the Orb.
     0 | D:1      | MisterFreud set off with the following items: a potion of
                  | heal wounds, a ration; and the following spell memorised:
                  | Apportation; and the following spells available to
                  | memorise: Lesser Beckoning
     0 | D:1      | Reached XP level 1. HP: 10/10 MP: 3/3
   479 | D:1      | Reached XP level 2. HP: 14/14 MP: 4/4
  1362 | D:1      | Reached XP level 3. HP: 18/18 MP: 5/5
  1367 | D:1      | Learned a level 3 spell: Lesser Beckoning
  1778 | D:1      | Reached skill level 1 in Unarmed Combat
  2389 | D:2      | Found a shattered altar of Ashenzari.
  2520 | D:2      | Reached XP level 4. HP: 14/22 MP: 6/6
  2857 | D:2      | Found a faded altar of an unknown god.
  3327 | D:3      | Found a shimmering altar of Xom.
  3700 | D:3      | Found a glowing drain.
  3710 | Sewer    | Entered a sewer
  3721 | Sewer    | Reached skill level 1 in Dodging
  4089 | Sewer    | Reached skill level 2 in Dodging
  4774 | Sewer    | Reached XP level 5. HP: 25/25 MP: 7/7
  4938 | D:3      | Reached skill level 3 in Dodging
  6248 | D:4      | Reached skill level 4 in Dodging
  6262 | D:4      | Noticed Edmund
  6278 | D:4      | Killed Edmund
  6278 | D:4      | Reached skill level 5 in Dodging
  6278 | D:4      | Gained mutation: You are covered in thick fur. (AC +2)
                  | [Felid growth]
  6278 | D:4      | Reached XP level 6. HP: 11/28 MP: 8/8
  6284 | D:4      | Reached skill level 6 in Dodging
  6622 | D:5      | Entered Level 5 of the Dungeon
  7172 | D:5      | Reached skill level 7 in Dodging
  7472 | D:5      | Found a staircase to the Ecumenical Temple.
  7487 | Temple   | Entered the Ecumenical Temple
  7847 | Temple   | Became a worshipper of Uskayaw the Reveler
  7907 | D:5      | Reached * piety under Uskayaw
  7916 | D:5      | Reached ** piety under Uskayaw
  8319 | D:5      | Reached XP level 7. HP: 32/32 MP: 9/9
  8655 | D:5      | HP: 1/32 [phantom (7)]
  9111 | D:6      | Noticed Blork the orc
  9128 | D:6      | Killed Blork the orc
  9128 | D:6      | Reached skill level 1 in Invocations
  9425 | D:7      | Reached skill level 8 in Dodging
  9425 | D:7      | Reached *** piety under Uskayaw
  9978 | D:7      | Found a runed translucent door.
  9979 | D:7      | Noticed Crazy Yiuf
 10934 | D:6      | Reached **** piety under Uskayaw
 10941 | D:6      | Slain by a centaur
 10942 | D:6      | Reached XP level 6. HP: -5/28 MP: 15/18
 11056 | D:6      | Reached skill level 9 in Dodging
 11056 | D:6      | Reached XP level 7. HP: 9/32 MP: 10/10
 12005 | D:5      | Learned a level 3 spell: Spider Form
 12297 | D:5      | Reached skill level 1 in Transmutations
 12777 | D:6      | Reached XP level 8. HP: 6/36 MP: 6/12
 12945 | D:7      | Reached skill level 10 in Dodging
 13095 | D:7      | You fall into a shaft and drop 1 floor!
 13267 | D:7      | Killed Crazy Yiuf
 13300 | D:8      | Found a snail-covered altar of Cheibriados.
 13340 | D:8      | Reached skill level 5 in Invocations
 14125 | D:8      | Slain by a wyvern zombie
 14126 | D:8      | Reached XP level 7. HP: -3/32 MP: 12/12
 14324 | D:8      | Reached XP level 8. HP: 32/36 MP: 13/13
 14520 | D:8      | Slain by a wyvern

Levels and vault maps discovered:
D:1:      psy_arrival_radial01, layout_loops_ring, hangedman_decor_riveting,
          minmay_tetromino_l4
D:2:      layout_loops_ring, chequers_ecumenical_altar_simple,
          evilmike_ruin_ashenzari
D:3:      layout_loops_ring, cheibrodos_sewer_entry_sluice, tgw_xom
D:4:      layout_basic, minmay_goblin_outpost, uniq_edmund
D:5:      layout_basic, temple_hall, first_ration
D:6:      layout_basic, uniq_blork_the_orc
D:7:      layout_loops_ring, uniq_crazy_yiuf_cottage
D:8:      layout_loops_ring, lemuel_crystal_altar
D:9:      minmay_opposing_rooms, layout_rooms, uniq_grum, uniq_joseph,
          uniq_psyche
Temple:   compressed_dpeg_triangle_lava_temple

Skill      XL: |  1  2  3  4  5  6  7  8 |
---------------+-------------------------+-----
Fighting       | 4 |  4.0
Stealth        | 3 |  3.0
Unarmed Combat | 2 3 |  3.0
Dodging        | 2 5 9 8 10 | 10.0
Invocations    | 6 5 |  6.2
Transmutations | 2 4 |  4.9
Spellcasting   | 2 3 |  3.0
Translocations | |  5.8

Action                   |  1- 3 |  4- 6 |  7- 9 || total
-------------------------+-------+-------+-------++-------
Melee: Unarmed           |   161 |   429 |   781 ||  1371
       Bite              |    13 |    29 |    65 ||   107
       Punch             |       |     3 |     6 ||     9
 Cast: Apportation       |     1 |       |       ||     1
Invok: Stomp             |       |     1 |    12 ||    13
       Line Pass         |       |       |     1 ||     1
  Use: Scroll            |     2 |    12 |    10 ||    24
       Potion            |       |     3 |     5 ||     8
 Stab: Sleeping          |     9 |    14 |     6 ||    29
       Distracted        |     1 |     2 |     1 ||     4
       Paralysed         |       |       |     9 ||     9
       Confused          |       |       |     1 ||     1
  Eat: Chunk             |    11 |    12 |    15 ||    38
Armor: Skin              |    15 |    28 |    16 ||    59
Dodge: Dodged            |   127 |   379 |   663 ||  1169

Table legend:
 A = Non-vault XP
 B = Vault XP
 C = Vault XP percentage of total XP
 D = Non-vault monster count
 E = Vault monster count
 F = Vault count percentage of total count
                 A         B        C        D         E       F
            +---------+---------+-------+---------+---------+-------
      Total |    2999 |     411 |  12.1 |     140 |      34 |  19.5
            +---------+---------+-------+---------+---------+-------
        D:1 |      49 |       2 |   3.9 |      28 |       1 |   3.4
        D:2 |      65 |       0 |   0.0 |      18 |       0 |   0.0
        D:3 |      52 |      15 |  22.4 |      20 |       2 |   9.1
        D:4 |     101 |     183 |  64.4 |       7 |       6 |  46.2
        D:5 |     380 |       0 |   0.0 |      18 |       0 |   0.0
        D:6 |     987 |      96 |   8.9 |      15 |       1 |   6.2
        D:7 |     333 |      42 |  11.2 |      12 |       1 |   7.7
        D:8 |     995 |       0 |   0.0 |      21 |       0 |   0.0
        D:9 |      37 |       0 |   0.0 |       1 |       0 |   0.0
      Sewer |       0 |      73 | 100.0 |       0 |      23 | 100.0
            +---------+---------+-------+---------+---------+-------
